 Dungeon Crawl Stone Soup version 0.30-a0-986-g7f2e898f52 (webtiles) character file.

Game seed: 6708794952325398186

1948 CryoSword the Skirmisher (level 9, -6/71 HPs)
             Began as a Ghoul Hunter on Apr 1, 2023.
             Was a Believer of Fedhas.
             Killed from afar by a steam dragon (10 damage)
             ... with a ball of steam
             ... on level 7 of the Dungeon.
             The game lasted 00:13:25 (6784 turns).

CryoSword the Skirmisher (Ghoul Hunter)             Turns: 6784, Time: 00:13:25

Health: -6/71      AC:  8    Str: 15    XL:     9   Next: 18%
Magic:  12/12      EV: 11    Int: 10    God:    Fedhas [**....]
Gold:   325        SH:  5    Dex: 16    Spells: 8/8 levels left

rFire   . . .      SeeInvis .    a - +5 woodcutter's axe
rCold   + . .      Faith    .    (shield currently unavailable)
rNeg    + + +      Spirit   .    u - +1 ring mail "Ker Tiwk" {Stlth+}
rPois   ∞          Reflect  +    t - +0 helmet
rElec   .          Rampage  .    (no cloak)
rCorr   .                        j - +0 pair of gloves
Will    .....                    (no boots)
Stlth   +++                      r - amulet of reflection
HPRegen 0.00/turn                y - +6 ring of intelligence
MPRegen 0.13/turn                (no ring)

@: inhibited regen
A: claws 1, cold resistance 1, negative energy resistance 3, inhibited
regeneration, torment resistance 2, devour on kill
a: Renounce Religion, Wall of Briars


You were on level 7 of the Dungeon.
You worshipped Fedhas.
Fedhas was pleased with you.
You visited 1 branch of the dungeon, and saw 7 of its levels.

You collected 325 gold pieces.

Inventory:

Hand Weapons
 a - the +5 woodcutter's axe (weapon)
   (You took it off a gnoll bouda on level 6 of the Dungeon)
 w - a +0 shortbow
Armour
 j - a +0 pair of gloves (worn)
   (You found it on level 2 of the Dungeon)
 t - a +0 helmet (worn)
   (You took it off Robin on level 3 of the Dungeon)
 u - the +1 ring mail "Ker Tiwk" (worn) {Stlth+}
   (You found it on level 3 of the Dungeon)

   Stlth:     It makes you more stealthy.
 v - a +0 kite shield
   (You took it off a gnoll sergeant on level 6 of the Dungeon)
Jewellery
 r - an amulet of reflection (around neck)
   (You found it on level 2 of the Dungeon)
 y - a +6 ring of intelligence (left hand)
   (You took it off an orc on level 6 of the Dungeon)
 B - a ring of fire
   (You found it on level 5 of the Dungeon)
Wands
 f - a wand of iceblast (15)
   (You found it on level 3 of the Dungeon)
 s - a wand of digging (7)
   (You took it off a goblin on level 3 of the Dungeon)
 E - a wand of charming (8)
   (You found it on level 7 of the Dungeon)
Scrolls
 b - a scroll of immolation {!r}
 c - 5 scrolls of teleportation {@r4}
 e - a scroll of vulnerability {unknown}
 h - a scroll of enchant weapon {unknown}
 i - a scroll of noise {unknown}
 l - 2 scrolls of blinking
 o - a scroll of fear {unknown}
 q - 2 scrolls of enchant armour {unknown}
 A - a scroll of fog
 C - a scroll of torment {unknown}
 D - a scroll of identify {@r1}
 F - a scroll of brand weapon {unknown}
Potions
 d - 3 potions of curing {@q1}
 g - a potion of ambrosia
 k - 2 potions of might
 m - a potion of mutation {unknown}
 n - a potion of magic
 p - a potion of heal wounds {unknown}
 x - a potion of flight {unknown}
 z - a potion of degeneration {unknown}


   Skills:
 + Level 4.2 Fighting
 + Level 8.9 Ranged Weapons
 - Level 2.0 Dodging
 + Level 4.0 Stealth
 + Level 6.3 Invocations


You had 8 spell levels left.
You didn't know any spells.
Your spell library contained the following spells:

 Spells                   Type           Power      Damage    Failure   Level
 Ensorcelled Hibernation  Hex/Ice        0%         N/A       75%         2
 Passwall                 Tmut/Erth      0%         N/A       75%         2
 Ozocubu's Armour         Ice            0%         N/A       92%         3
 Swiftness                Air            0%         N/A       92%         3
 Metabolic Englaciation   Hex/Ice        0%         N/A       100%        5
 Simulacrum               Ice/Necr       0%         N/A       100%        6


Dungeon Overview and Level Annotations

Branches:
Dungeon (7/15)             Temple (0/1) D:7

Altars:
Cheibriados
Dithmenos
Fedhas
Gozag
Hepliaklqana
Makhleb
Qazlal
Ru
Sif Muna
Uskayaw
Vehumet
Xom


Innate Abilities, Weirdness & Mutations

You are immune to poison.
You have sharp fingernails.
Your flesh is cold resistant. (rC+)
You are immune to negative energy. (rN+++)
You do not regenerate when monsters are visible.
You are immune to unholy pain and torment.
You thrive by killing the living.


Message History

A water moccasin is nearby!
You shoot an arrow. The water moccasin hisses angrily.
The arrow hits the water moccasin.
You shoot an arrow. The arrow misses the water moccasin.
You shoot an arrow.
The arrow hits the water moccasin but does no damage.
You shoot an arrow.
The arrow closely misses the water moccasin.
The water moccasin bites you.
You shoot an arrow. The arrow hits the water moccasin.
The water moccasin bites you but does no damage. x2
You shoot an arrow. The arrow hits the water moccasin.
The water moccasin bites you.
You shoot an arrow. The arrow hits the water moccasin.
The water moccasin barely misses you.
The water moccasin bites you but does no damage.
You shoot an arrow. The arrow hits the water moccasin.
You block the water moccasin's attack.
You shoot an arrow. The arrow misses the water moccasin.
The water moccasin misses you.
The water moccasin bites you but does no damage.
You shoot an arrow.
The arrow barely misses the water moccasin.
The water moccasin misses you.
A shadow imp comes into view.
The water moccasin completely misses you.
You shoot an arrow.
The arrow closely misses the water moccasin.
The arrow closely misses the shadow imp.
The water moccasin bites you.
You shoot an arrow.
The arrow hits the water moccasin but does no damage.
You block the water moccasin's attack. x2
You are now empty-handed.
a - the +5 woodcutter's axe (weapon)
You block the water moccasin's attack. You block the water moccasin's attack.
You barely miss the water moccasin. The water moccasin closely misses you.
You block the water moccasin's attack.
You closely miss the water moccasin. You hit the shadow imp.
You block the water moccasin's attack.
The shadow imp hits you but does no damage.
You hit the water moccasin. You barely miss the shadow imp.
The water moccasin barely misses you.
The shadow imp hits you but does no damage.
You block the water moccasin's attack.
You miss the water moccasin. You hit the shadow imp.
The water moccasin bites you. You block the shadow imp's attack.
You closely miss the water moccasin. You hit the shadow imp.
You kill the shadow imp!
Fedhas accepts your kill.
The water moccasin bites you but does no damage.
You closely miss the water moccasin. The water moccasin bites you.
You block the water moccasin's attack.
You slash the water moccasin!
The water moccasin bites you but does no damage.
You slash the water moccasin! The water moccasin barely misses you.
You block the water moccasin's attack.
You miss the water moccasin. The water moccasin bites you!
You slash the water moccasin!
You kill the water moccasin!
Fedhas appreciates your contribution to the ecosystem.
Your Stealth skill increases to level 4!
You are now empty-handed.
w - a +0 shortbow (weapon)
There is a stone staircase leading down here.
A white imp comes into view.
The white imp moves out of view.
A white imp is nearby!
You shoot an arrow.
The white imp shouts, "Take thy face hence, thou stale rump-fed snake-molt!"
The arrow hits the white imp but does no damage.
You shoot an arrow.
The arrow hits the white imp but does no damage.
You shoot an arrow. The arrow barely misses the white imp.
The white imp gestures at you. The puff of frost hits you. You resist.
You shoot an arrow. The arrow closely misses the white imp.
You shoot an arrow.
The arrow hits the white imp but does no damage.
The white imp hits you. The white imp freezes you. You resist.
The white imp hits you. The white imp freezes you. You resist.
You shoot an arrow. The arrow closely misses the white imp.
You block the white imp's attack.
a - the +5 woodcutter's axe (weapon)
You closely miss the white imp. You block the white imp's attack.
You slash the white imp!
You kill the white imp!
Fedhas accepts your kill.
w - a +0 shortbow (weapon)
A steam dragon comes into view.
A steam dragon is nearby!
A steam dragon is nearby!
You shoot an arrow.
The arrow hits the steam dragon but does no damage.
You shoot an arrow. The arrow hits the steam dragon.
The steam dragon breathes steam at you. The ball of steam hits you!!
You are too injured to fight recklessly!
a - the +5 woodcutter's axe (weapon)
The steam dragon breathes steam at you. The ball of steam hits you!!
* * * LOW HITPOINT WARNING * * *
You closely miss the steam dragon.
You are engulfed in a cloud of scalding steam.
The steam dragon barely misses you. You block the steam dragon's attack.
Okay, then.
You block the steam dragon's attack. The steam dragon misses you.
You are confused.
You feel invigorated. The steam dragon barely misses you.
The steam dragon claws you.
* * * LOW HITPOINT WARNING * * *
The steam dragon breathes steam at you. The ball of steam hits you!
* * * LOW HITPOINT WARNING * * *
The steam dragon bites you but does no damage.
The steam dragon claws you.
* * * LOW HITPOINT WARNING * * *
You barely miss the steam dragon. The steam dragon bites you.
* * * LOW HITPOINT WARNING * * *
The steam dragon claws you.
* * * LOW HITPOINT WARNING * * *
The steam dragon attacks as you move away!
The steam dragon closely misses you. The steam dragon completely misses you.
The steam dragon closely misses you. The steam dragon barely misses you.
You bump into the rock wall.
The steam dragon closely misses you. x2
You slash the steam dragon! The steam dragon closely misses you.
The steam dragon claws you but does no damage.
The steam dragon barely misses you. The steam dragon misses you.
You feel less invigorated.
You feel less confused. The steam dragon bites you. The steam dragon claws you.
* * * LOW HITPOINT WARNING * * *
You hit the steam dragon. The steam dragon barely misses you.
The steam dragon claws you but does no damage.
You slash the steam dragon! The steam dragon completely misses you.
The steam dragon barely misses you.
You closely miss the steam dragon. The steam dragon breathes steam at you.
The ball of steam hits you!!
* * * LOW HITPOINT WARNING * * *
You block the steam dragon's attack. The steam dragon barely misses you.
You barely miss the steam dragon.
You are engulfed in a cloud of scalding steam.
* * * LOW HITPOINT WARNING * * *
The steam dragon breathes steam at you. The ball of steam hits you!
You die...
Fedhas appreciates your contribution to the ecosystem.

##### ##########.
)....# #.........
#..... #..:....# ......
###.......# ......
#.........# ..)...
#.#.......####. #.#...
#....@D§....... ......
#..#..§.§..### ###..
....#..§§#### ##
...###.§§## ##
..........######## #.
.#.....#.......... ##
#.###..>..###..##### .#
#...#.....#.....#
.#######.............##


You could see a steam dragon (catching breath).

Vanquished Creatures
  Sigmund (D:3)
  A water moccasin (D:7)
  A sky beast (D:6)
  A black bear (D:6)
  A phantom (D:7)
  2 gnoll sergeants (D:6)
  A scorpion (D:5)
  2 wights (D:6)
  A howler monkey (D:6)
  2 jellies
  2 gnoll boudas (D:6)
  5 orc priests
  3 hounds
  Jessica (D:2)
  3 iguanas
  3 orc wizards
  Robin (D:3)
  6 adders
  3 gnolls (D:6)
  A shadow imp (D:7)
  A white imp (D:7)
  An ufetubus (D:4)
  A worm (D:4)
  4 dart slugs
  25 orcs
  8 endoplasms
  5 giant cockroaches
  16 goblins
  7 hobgoblins
  3 jackals (D:5)
  3 quokkas
  7 ball pythons
  9 bats
  4 frilled lizards
  6 kobolds
  5 rats
146 creatures vanquished.

Vanquished Creatures (collateral kills)
  An ice beast (D:6)
  2 gnoll sergeants (D:6)
  A wight (D:6)
  2 gnolls (D:6)
6 creatures vanquished.

Vanquished Creatures (others)
  A sleepcap (D:6)
  An orc wizard (D:3)
  A quokka (D:3)
3 creatures vanquished.

Grand Total: 155 creatures vanquished

Notes
Turn   | Place    | Note
-------+----------+-------------------------------------------
     0 | D:1      | CryoSword the Ghoul Hunter began the quest for the Orb.
     0 | D:1      | Reached XP level 1. HP: 17/17 MP: 0/0
   211 | D:1      | Reached skill level 4 in Ranged Weapons
   211 | D:1      | Reached XP level 2. HP: 4/24 MP: 1/1
   626 | D:1      | Reached XP level 3. HP: 29/29 MP: 2/2
  1017 | D:2      | Noticed Jessica
  1021 | D:2      | Killed Jessica
  1022 | D:2      | Reached skill level 5 in Ranged Weapons
  1022 | D:2      | Reached XP level 4. HP: 33/36 MP: 3/3
  1555 | D:3      | Noticed Robin
  1608 | D:3      | Found an opulent altar of Gozag.
  1609 | D:3      | Found a snail-covered altar of Cheibriados.
  1609 | D:3      | Noticed Sigmund
  1629 | D:3      | Found a shimmering altar of Xom.
  1632 | D:3      | Found a blossoming altar of Fedhas.
  1633 | D:3      | Found a stormy altar of Qazlal.
  1681 | D:3      | Killed Sigmund
  1682 | D:3      | Reached skill level 6 in Ranged Weapons
  1682 | D:3      | Reached XP level 5. HP: 10/41 MP: 4/4
  1682 | D:3      | Reached XP level 6. HP: 12/48 MP: 5/5
  1845 | D:3      | Became a worshipper of Fedhas Madash
  2110 | D:3      | Killed Robin
  2220 | D:3      | Found a faded altar of an unknown god.
  2260 | D:3      | Found a radiant altar of Vehumet.
  2320 | D:3      | Identified the +1 ring mail "Ker Tiwk" {Stlth+}
  2382 | D:3      | Found a shimmering blue altar of Sif Muna.
  2453 | D:3      | Reached * piety under Fedhas
  2558 | D:4      | Reached skill level 7 in Ranged Weapons
  2609 | D:4      | Reached skill level 1 in Invocations
  2825 | D:4      | Reached XP level 7. HP: 29/55 MP: 7/7
  3581 | D:5      | Entered Level 5 of the Dungeon
  3744 | D:5      | Found a sacrificial altar of Ru.
  3831 | D:5      | Found a hide-covered altar of Uskayaw.
  3834 | D:5      | Noticed a +0 hand axe
  3835 | D:5      | Noticed a +0 hand axe
  3885 | D:5      | Found a shadowy altar of Dithmenos.
  4529 | D:5      | Reached ** piety under Fedhas
  4809 | D:6      | Reached skill level 8 in Ranged Weapons
  4809 | D:6      | Reached XP level 8. HP: 15/61 MP: 5/10
  5139 | D:6      | Found a hazy altar of Hepliaklqana.
  5222 | D:6      | Found a burning altar of Makhleb.
  5271 | D:6      | Reached skill level 5 in Invocations
  6083 | D:6      | Reached XP level 9. HP: 71/71 MP: 12/12
  6508 | D:7      | Found a staircase to the Ecumenical Temple.
  6784 | D:7      | Killed from afar by a steam dragon

Illustrated notes

Levels and vault maps discovered:
D:1:      elethiomel_arrival_quiet, layout_rooms, roderic_lattice_a
D:2:      layout_loops_ring, basic_altar, kennysheep_generic_room_13,
          uniq_jessica
D:3:      layout_rooms, mainiacjoe_overflow_alcove_2, fiery_altar_vehumet,
          grunt_temple_overflow_open, chequers_ecumenical_altar_grove,
          kennysheep_cross_room, uniq_sigmund, uniq_robin
D:4:      layout_gridville, elyvilon_altar_5, hangedman_decor_riveting
D:5:      layout_gridville, dancing_weapons_uskayaw,
          nicolae_dithmenos_the_darkroom, lemuel_crystal_altar,
          lemuel_tele_altar
D:6:      layout_loops_cross, mainiacjoe_overflow_brackets,
          lemuel_coloured_pillars_altar, pf_guarded_unrand_woodcutter
D:7:      layout_loops_cross, kennysheep_mini, minmay_temple_entry_tees,
          doesnt_shop_hydraphobe

Skill      XL: |  1  2  3  4  5  6  7  8  9 |
---------------+----------------------------+-----
Ranged Weapons | 4 5 6 7 8 |  8.9
Invocations    | 1 4 6 |  6.3
Dodging        | 2 |  2.0
Stealth        | 3 4 |  4.0
Fighting       | 3 4 |  4.2

Action                     |  1- 3 |  4- 6 |  7- 9 || total
---------------------------+-------+-------+-------++-------
  Melee: Dagger            |       |     5 |    25 ||    30
         Punch             |       |       |     2 ||     2
         Battleaxe         |       |       |    38 ||    38
   Fire: Shortbow          |    98 |   180 |   378 ||   656
 Invoke: Wall of Briars    |       |       |     6 ||     6
    Use: Scroll            |       |     1 |     6 ||     7
         Potion            |       |     1 |     1 ||     2
 Armour: Leather armour    |    19 |    17 |       ||    36
         Ring mail         |       |    25 |    97 ||   122
  Dodge: Dodged            |    27 |    75 |   108 ||   210
  Block: Other             |       |    21 |    65 ||    86

Table legend: (Time is in decaauts)
 A = Elapsed time spent in this place.
 B = Non-inter-level travel time spent in this place.
 C = Inter-level travel time spent in this place.
 D = Time resting spent in this place.
 E = Time spent auto-exploring this place.
 F = Levels seen in this place.
 G = Mean time per level.
                   A        B        C        D        E       F      G
               +--------+--------+--------+--------+--------+-----+--------+
         Total |   6931 |   6699 |    232 |      2 |   5157 |   7 |  990.1 |
       Dungeon |   6931 |   6699 |    232 |      2 |   5157 |   7 |  990.1 |
               +--------+--------+--------+--------+--------+-----+--------+

Top non-repeatable levels by time:
     D:6: 1458 daAuts
     D:5: 1387 daAuts
     D:4: 1141 daAuts
     D:2: 925 daAuts
     D:3: 871 daAuts
     D:1: 725 daAuts
     D:7: 422 daAuts
